 Dungeon Crawl Stone Soup version 0.26-a0-980-g0fe3eaa9ac (webtiles) character file.

Game seed: 10936238250263556854

43 pablito the Skirmisher (level 3, -1/29 HPs)
             Began as a Demonspawn Abyssal Knight on Dec 6, 2020.
             Was a Follower of Lugonu.
             Slain by a worm (8 damage)
             ... on level 2 of the Dungeon.
             The game lasted 00:05:51 (2125 turns).

pablito the Skirmisher (Demonspawn Abyssal Knight)  Turns: 2125, Time: 00:05:51

Health: -1/29      AC:  1    Str: 12    XL:     3   Next: 37%
Magic:  5/5        EV: 11    Int: 13    God:    Lugonu [*.....]
Gold:   75         SH:  0    Dex: 13    Spells: 2/2 levels left

rFire    . . .     SeeInvis .   a - +1 mace
rCold    . . .     Faith    .   (no shield)
rNeg     . . .     Spirit   .   b - +0 leather armour
rPois    .         Reflect  .   (no helmet)
rElec    .         Harm     .   (no cloak)
rCorr    .         Rampage  .   (no gloves)
MR       .....                  (no boots)
Stlth    +.........             (no amulet)
HPRegen  0.09/turn              (no ring)
MPRegen  0.09/turn              (no ring)

@: no status effects
A: hooves 1, deformed body
a: Depart the Abyss, Renounce Religion


You were on level 2 of the Dungeon.
You worshipped Lugonu.
Lugonu was aware of your devotion.
You visited 1 branch of the dungeon, and saw 2 of its levels.
You visited the Abyss 1 time.

You collected 75 gold pieces.

Inventory:

Hand Weapons
 a - a +1 mace (weapon)
Missiles
 g - 4 datura-tipped darts
Armour
 b - a +0 leather armour (worn)
Scrolls
 e - a scroll of random uselessness {unknown}
 k - a scroll of noise {unknown}
 n - a scroll of remove curse {unknown}
 o - a scroll of identify {unknown}
Potions
 c - a potion of heal wounds {unknown}
 d - 2 potions of brilliance {unknown}
 f - a potion of mutation {unknown}
 h - a potion of attraction {unknown}
 i - a potion of might {unknown}
 j - a potion of berserk rage {unknown}
 l - a potion of haste {unknown}
 m - a potion of flight {unknown}


   Skills:
 + Level 3.3 Fighting
 + Level 2.2 Maces & Flails
 + Level 2.2 Armour
 + Level 1.5 Dodging
 - Level 0.1 Unarmed Combat
 - Level 2.7 Invocations


You had 2 spell levels left.
You didn't know any spells.
Your spell library was empty.

Dungeon Overview and Level Annotations

Branches:
Dungeon (2/15)

Altars:


Innate Abilities, Weirdness & Mutations

You have large cloven feet.
Armour fits poorly on your strangely shaped body.


Message History

The worm closely misses you.
You hit the worm. You kick the worm.
The worm is moderately wounded.
The worm bites you.
You are too injured to fight recklessly!
You are too injured to fight recklessly!
You are too injured to fight recklessly!
You are too injured to fight recklessly!
You are too injured to fight recklessly!
You are too injured to fight recklessly!
You hit the worm. Your kick misses the worm.
The worm is moderately wounded.
You barely miss the worm. You kick the worm.
The worm is heavily wounded.
The worm bites you!
* * * LOW HITPOINT WARNING * * *
You hit the worm.
The worm is heavily wounded.
The worm bites you!
You die...

#.........#
#.........#
#....###..#
#....#
##.##
#....# #..#
###### ##.#
#.## #..#
##@#
.......w.#
.........#
..........
#########.#
.# .. ...


You could see a worm.

Vanquished Creatures
  4 dart slugs (D:1)
  A leopard gecko (D:1)
  5 giant cockroaches
  4 hobgoblins (D:1)
  2 jackals (D:1)
  2 bats
  2 frilled lizards
  5 goblins (D:1)
  2 kobolds (D:1)
  6 rats
  A bush (D:1)
34 creatures vanquished.

Vanquished Creatures (others)
  3 plants (D:1)
3 creatures vanquished.

Grand Total: 37 creatures vanquished

Notes
Turn   | Place    | Note
-------+----------+-------------------------------------------
     0 | Abyss:1  | pablito the Demonspawn Abyssal Knight began the quest for
                  | the Orb.
     0 | Abyss:1  | Reached XP level 1. HP: 18/18 MP: 2/2
    36 | Abyss:1  | Noticed a neqoxec
    51 | Abyss:1  | Gained mutation: Armour fits poorly on your strangely
                  | shaped body. [a neqoxec]
    62 | Abyss:1  | Noticed a shadow
    63 | D:1      | Escaped the Abyss
   119 | D:1      | Reached skill level 1 in Dodging
   359 | D:1      | Gained mutation: You have large cloven feet. [demonic
                  | ancestry]
   359 | D:1      | Reached XP level 2. HP: 18/24 MP: 4/4
   580 | D:1      | Reached * piety under Lugonu
  1164 | D:1      | Reached XP level 3. HP: 23/29 MP: 5/5
  2125 | D:2      | Slain by a worm

Illustrated notes

Levels and vault maps discovered:
D:1:      dpeg_chamrin_arrival_tetris, layout_basic, serial_forest,
          infiniplex_forest_lined_3_way, infiniplex_forest_lined_3_way,
          infiniplex_forest_end_2, infiniplex_forest_zigzag_1,
          infiniplex_forest_clump_diagonal, infiniplex_forest_clump_long,
          infiniplex_forest_side_room, infiniplex_forest_lined_3_way
D:2:      layout_basic

Skill      XL: |  1  2 |
---------------+-------+-----
Dodging        | 1 |  1.5
Maces & Flails | 2 |  2.2
Armour         | 2 |  2.2
Fighting       | |  3.3
Unarmed Combat | |  0.1
Invocations    | |  2.7

Action                   || total
-------------------------++-------
Melee: Mace              ||   224
       Kick              ||    83
Invok: Depart the Abyss  ||     1
Armor: Leather armour    ||    11
Dodge: Dodged            ||    60

Table legend: (Time is in decaauts)
 A = Elapsed time spent in this place.
 B = Non-inter-level travel time spent in this place.
 C = Inter-level travel time spent in this place.
 D = Time resting spent in this place.
 E = Time spent auto-exploring this place.
 F = Levels seen in this place.
 G = Mean time per level.
                   A        B        C        D        E       F      G
               +--------+--------+--------+--------+--------+-----+--------+
         Total |   2191 |   2087 |    104 |    219 |   1363 |   3 |  730.3 |
       Dungeon |   2128 |   2024 |    104 |    219 |   1363 |   2 | 1064.0 |
         Abyss |     63 |     63 |      0 |      0 |      0 |   1 |   63.0 |
               +--------+--------+--------+--------+--------+-----+--------+

Top non-repeatable levels by time:
     D:1: 2002 daAuts
     D:2: 125 daAuts
 Abyss:1: 63 daAuts
